 Dungeon Crawl Stone Soup version 0.29.1-12-g30fa7ad0bf (webtiles) character file.

Game seed: 9745934593494093222

3541 wormed the Basher (level 10, 0/76 HPs)
             Began as a Gnoll Wanderer on Dec 27, 2022.
             Was an Initiate of Ashenzari.
             Killed by an exploding themself (17 damage)
             ... ignited by their inner flame
             ... on level 8 of the Dungeon.
             The game lasted 00:17:08 (9844 turns).

wormed the Basher (Gnoll Wanderer)                  Turns: 9844, Time: 00:17:10

Health: 0/76       AC: 11    Str: 18    XL:     10   Next: 8%
Magic:  28/31      EV: 12    Int: 14    God:    Ashenzari [......]
Gold:   258        SH:  0    Dex:  9    Spells: 19/26 levels left

rFire   . . .      SeeInvis .   f - +4 dire flail (freeze)
rCold   . . .      Faith    .   (shield currently unavailable)
rNeg    . . .      Spirit   .   M - +0 leather armour {Will+}
rPois   .          Reflect  .   b - +0 helmet
rElec   .          Harm     .   v - +0 cloak of Protective Custody {Str+2}
rCorr   .          Rampage  .   (no gloves)
Will    +....                   O - +0 pair of boots
Stlth   +++.......              l - amulet of magic regeneration
HPRegen 0.22/turn               j - +4 ring of protection
MPRegen 0.62/turn               r - ring of magical power

@: no status effects
A: fangs 1, strong nose, distributed training
a: Renounce Religion


You were on level 8 of the Dungeon.
You worshipped Ashenzari.
Ashenzari was noncommittal.
You visited 2 branches of the dungeon, and saw 9 of its levels.

You collected 402 gold pieces.
You spent 144 gold pieces at shops.

Inventory:

Hand Weapons
 f - a +4 dire flail of freezing (weapon)
 C - a +2 whip of freezing
Missiles
 w - 10 poisoned darts
 H - 2 curare-tipped darts
 L - 6 javelins
Armour
 b - a +0 helmet (worn)
 v - the +0 cloak of Protective Custody (worn) {Str+2}
   (You found it on level 3 of the Dungeon)

   Str:       It affects your strength (+2).
 M - a +0 leather armour of willpower (worn)
 O - a +0 pair of boots (worn)
Jewellery
 j - a +4 ring of protection (left hand)
 l - an amulet of magic regeneration (around neck)
 q - an amulet of guardian spirit
 r - a ring of magical power (right hand)
 A - a ring of see invisible
 E - a ring of poison resistance
 K - an amulet of reflection
Wands
 y - a wand of iceblast (43)
 F - a wand of charming (2)
Scrolls
 a - 2 scrolls of immolation {unknown}
 d - 3 scrolls of identify
 e - a scroll of vulnerability
 g - 2 scrolls of enchant weapon {unknown}
 k - a scroll of amnesia {unknown}
 m - a scroll of blinking {unknown}
 p - 3 scrolls of magic mapping {unknown}
 t - 4 scrolls of poison {unknown}
 u - a scroll of silence {unknown}
 x - a scroll of summoning {unknown}
 z - 2 scrolls of fear {unknown}
 D - 4 scrolls of teleportation {unknown}
 P - a scroll of butterflies {unknown}
Potions
 c - 3 potions of lignification
 i - 3 potions of brilliance
 n - a potion of haste
 o - 2 potions of attraction
 s - 2 potions of cancellation
 B - a potion of degeneration
 G - 2 potions of resistance {unknown}
 I - 2 potions of invisibility
 J - 2 potions of heal wounds {unknown}
 N - a potion of flight {unknown}


   Skills:
 + Level 5.8 Fighting
 + Level 5.1 Short Blades
 + Level 5.1 Long Blades
 + Level 5.1 Axes
 + Level 10.0 Maces & Flails
 + Level 5.1 Polearms
 + Level 5.1 Staves
 + Level 5.1 Ranged Weapons
 + Level 5.1 Throwing
 + Level 5.8 Armour
 + Level 5.1 Dodging
 + Level 5.7 Stealth
 + Level 5.1 Shields
 + Level 5.1 Unarmed Combat
 + Level 8.9 Spellcasting
 + Level 4.2 Conjurations
 + Level 4.2 Hexes
 + Level 4.2 Summonings
 + Level 4.2 Necromancy
 + Level 4.2 Translocations
 + Level 4.2 Transmutations
 + Level 4.2 Fire Magic
 + Level 4.2 Ice Magic
 + Level 4.2 Air Magic
 + Level 4.2 Earth Magic
 + Level 4.2 Poison Magic
 + Level 5.6 Invocations
 + Level 5.1 Evocations


You had 19 spell levels left.
You knew the following spells:

 Your Spells              Type           Power      Damage    Failure   Level
a - Slow                  Hex            72%        N/A       2%          1
b - Call Canine Familiar  Summ           18%        N/A       7%          3
c - Summon Guardian Gole  Hex/Summ       18%        N/A       7%          3

Your spell library contained the following spells:

 Spells                   Type           Power      Damage    Failure   Level
 Gell's Gravitas          Tloc           18%        N/A       7%          3
 Lesser Beckoning         Tloc           18%        N/A       7%          3
 Portal Projectile        Hex/Tloc       36%        N/A       7%          3
 Teleport Other           Tloc           18%        N/A       7%          3
 Hailstorm                Conj/Ice       18%        3d6       24%         4
 Ice Form                 Ice/Tmut       18%        N/A       24%         4
 Leda's Liquefaction      Hex/Erth       9%         N/A       24%         4
 Blade Hands              Tmut           9%         N/A       54%         5
 Irradiate                Conj/Tmut      9%         3d14      54%         5
 Simulacrum               Ice/Necr       9%         N/A       98%         6
 Dragon Form              Tmut           9%         N/A       100%        7


Dungeon Overview and Level Annotations

Branches:
Dungeon (8/15)             Temple (1/1) D:7
   Lair: D:8-11

Altars:
Ashenzari
Cheibriados
Dithmenos
Elyvilon
Fedhas
Gozag
Hepliaklqana
Kikubaaqudgha
Makhleb
Okawaru
Qazlal
Ru
Sif Muna
Trog
Uskayaw
Wu Jian
Xom
Yredelemnul
Zin
The Shining One

Shops:
D:5 !   D:8 *


Innate Abilities, Weirdness & Mutations

You have very sharp teeth.
Your uncanny sense of smell can sniff out nearby items.
Your experience applies equally to all skills.


Message History

Your hound bites the death yak but does no damage.
The death yak gores you!
* * * LOW HITPOINT WARNING * * *
Casting: Slow (safe; 2% risk of failure)
Confirm with . or Enter, or press ? or * to list all spells.
Aiming: Slow (safe; 2% risk of failure)
Press: ? - help, Shift-Dir - straight line, f/p - death yak
Aim: a death yak (lightly wounded, ally target, chance to affect: 4%)
The death yak resists with almost no effort.
Your hound completely misses the death yak.
The death yak gores you.
* * * LOW HITPOINT WARNING * * *
Your hound bites the death yak but does no damage.
An orc comes into view. It is wielding a +0 whip.
The orc shouts!
Your hound bites the death yak but does no damage.
The death yak gores you but does no damage.
The death yak attacks as you move away! The death yak gores you.
* * * LOW HITPOINT WARNING * * *
Your hound bites the death yak but does no damage.
Casting: Slow (safe; 2% risk of failure)
Confirm with . or Enter, or press ? or * to list all spells.
A guardian golem appears, shielding your allies.
Your hound bites the death yak but does no damage.
The death yak gores you!
* * * LOW HITPOINT WARNING * * *
You swap places.
The death yak gores your guardian golem!
The orc hits you but does no damage.
You feel better. The orc hits you with a +0 whip.
* * * LOW HITPOINT WARNING * * *
The death yak gores your guardian golem.
Your guardian golem overheats!
You feel better.
The death yak gores your guardian golem!!
Your guardian golem disappears in a puff of smoke!
Your guardian golem explodes!
The fiery explosion engulfs the death yak!!!
The fiery explosion engulfs you!
You die...

# #####. ....
..########.###
##.##§§@o......
#?∩##Y##.#####.
#########....h.#.#
#.........#....#.#
##.#######......#.#
..§§..# ##.#####.#
#####.# #.# .. #.#
#.# ## #Y# #..


You could see a death yak and an orc.

Vanquished Creatures
  Pikel (D:4)
  Grinder (D:5)
  Prince Ribbit (D:6)
  Sigmund (D:4)
  Menkaure (D:6)
  A water moccasin (D:7)
  An ogre (D:6)
  A phantom (D:4)
  Blork the orc (D:6)
  2 bullfrogs
  A necrophage (D:5)
  2 scorpions
  7 wights
  A howler monkey (D:4)
  2 orc priests
  A gnoll bouda (D:7)
  Crazy Yiuf (D:6)
  4 hounds
  Ijyb (D:4)
  4 iguanas
  3 orc wizards
  7 adders
  3 worms
  2 dart slugs
  15 orcs
  8 bats
  4 endoplasms
  3 giant cockroaches
  4 goblins
  5 hobgoblins
  4 kobolds
  A quokka (D:8)
  6 ball pythons
  4 frilled lizards
  4 rats
108 creatures vanquished.

Vanquished Creatures (collateral kills)
  A bullfrog (D:7)
  A howler monkey (D:7)
  4 gnolls (D:7)
  An orc (D:7)
7 creatures vanquished.

Vanquished Creatures (others)
  A death yak (D:8)
  An acid dragon (D:8)
  A jelly (D:8)
  An orc priest (D:8)
  An orc (D:3)
  44 plants (D:5)
49 creatures vanquished.

Grand Total: 164 creatures vanquished

Notes
Turn   | Place    | Note
-------+----------+-------------------------------------------
     0 | D:1      | wormed the Gnoll Wanderer began the quest for the Orb.
     0 | D:1      | wormed set off with the following items: a +2 mace, a +0
                  | helmet, a potion of lignification, a +0 leather armour; and
                  | the following spell memorised: Slow; and the following
                  | spells available to memorise: Summon Guardian Golem.
     0 | D:1      | Reached XP level 1. HP: 17/17 MP: 8/8
   328 | D:1      | Reached XP level 2. HP: 11/23 MP: 10/10
   740 | D:1      | Found a faded altar of an unknown god.
  1002 | D:2      | Reached XP level 3. HP: 17/28 MP: 7/11
  1176 | D:2      | Reached skill level 1 in Short Blades
  1176 | D:2      | Reached skill level 1 in Long Blades
  1176 | D:2      | Reached skill level 1 in Axes
  1176 | D:2      | Reached skill level 1 in Polearms
  1176 | D:2      | Reached skill level 1 in Staves
  1176 | D:2      | Reached skill level 1 in Ranged Weapons
  1176 | D:2      | Reached skill level 1 in Throwing
  1176 | D:2      | Reached skill level 1 in Dodging
  1176 | D:2      | Reached skill level 1 in Shields
  1176 | D:2      | Reached skill level 1 in Unarmed Combat
  1176 | D:2      | Reached skill level 1 in Invocations
  1176 | D:2      | Reached skill level 1 in Evocations
  1176 | D:2      | Reached XP level 4. HP: 34/34 MP: 11/13
  1511 | D:2      | Reached skill level 1 in Conjurations
  1511 | D:2      | Reached skill level 1 in Hexes
  1511 | D:2      | Reached skill level 1 in Summonings
  1511 | D:2      | Reached skill level 1 in Necromancy
  1511 | D:2      | Reached skill level 1 in Translocations
  1511 | D:2      | Reached skill level 1 in Transmutations
  1511 | D:2      | Reached skill level 1 in Fire Magic
  1511 | D:2      | Reached skill level 1 in Ice Magic
  1511 | D:2      | Reached skill level 1 in Air Magic
  1511 | D:2      | Reached skill level 1 in Earth Magic
  1511 | D:2      | Reached skill level 1 in Poison Magic
  2542 | D:3      | HP: 1/34 [orc/+2 vorpal trident (1)]
  3033 | D:3      | Identified the +0 cloak of Protective Custody {Str+2}
  3388 | D:3      | Reached XP level 5. HP: 10/40 MP: 14/14
  3667 | D:4      | Identified the amulet "Anutwego" {Reflect -Cast Will+ Dex+5
                  | SH+5}
  3726 | D:4      | Noticed Sigmund
  3736 | D:4      | Killed Sigmund
  3737 | D:4      | Reached XP level 6. HP: 43/47 MP: 16/16
  3973 | D:4      | Noticed Ijyb
  3986 | D:4      | Killed Ijyb
  3987 | D:4      | Reached XP level 7. HP: 46/52 MP: 18/18
  4264 | D:4      | Noticed Pikel
  4290 | D:4      | Killed Pikel
  4291 | D:4      | Reached skill level 9 in Maces & Flails
  4291 | D:4      | Reached XP level 8. HP: 21/60 MP: 10/19
  4919 | D:5      | Entered Level 5 of the Dungeon
  5202 | D:5      | Found Zeruv's Distillery.
  5230 | D:5      | Noticed Grinder
  5261 | D:5      | Killed Grinder
  5777 | D:5      | Found an ornate altar of the Wu Jian Council.
  5778 | D:5      | Found a stormy altar of Qazlal.
  6275 | D:6      | Noticed Prince Ribbit
  6294 | D:6      | Killed Prince Ribbit
  6295 | D:6      | Reached XP level 9. HP: 40/67 MP: 15/21
  6373 | D:6      | HP: 2/65 [wight/+4 dire flail of freezing (5)]
  6861 | D:6      | Found a runed translucent door.
  6862 | D:6      | Noticed Crazy Yiuf
  6872 | D:6      | Killed Crazy Yiuf
  7084 | D:6      | Noticed Blork the orc
  7093 | D:6      | Killed Blork the orc
  7094 | D:6      | Reached skill level 5 in Fighting
  7094 | D:6      | Reached skill level 5 in Armour
  7154 | D:6      | Noticed Menkaure
  7162 | D:6      | Killed Menkaure
  7163 | D:6      | Reached skill level 5 in Stealth
  7542 | D:6      | Learned a level 3 spell: Call Canine Familiar
  7546 | D:6      | Learned a level 3 spell: Summon Guardian Golem
  8189 | D:7      | Found a staircase to the Ecumenical Temple.
  8368 | Temple   | Entered the Ecumenical Temple
  8757 | Temple   | Became a worshipper of Ashenzari the Shackled
  8933 | D:7      | Reached skill level 5 in Invocations
  9341 | D:8      | Noticed a death yak
  9346 | D:8      | Noticed a death yak
  9641 | D:8      | Killed a death yak
  9642 | D:8      | Reached skill level 5 in Short Blades
  9642 | D:8      | Reached skill level 5 in Long Blades
  9642 | D:8      | Reached skill level 5 in Axes
  9642 | D:8      | Reached skill level 10 in Maces & Flails
  9642 | D:8      | Reached skill level 5 in Polearms
  9642 | D:8      | Reached skill level 5 in Staves
  9642 | D:8      | Reached skill level 5 in Ranged Weapons
  9642 | D:8      | Reached skill level 5 in Throwing
  9642 | D:8      | Reached skill level 5 in Dodging
  9642 | D:8      | Reached skill level 5 in Shields
  9642 | D:8      | Reached skill level 5 in Unarmed Combat
  9642 | D:8      | Reached skill level 5 in Evocations
  9642 | D:8      | Reached XP level 10. HP: 48/76 MP: 22/22
  9777 | D:8      | Noticed a death yak
  9821 | D:8      | Found Weibeot's Assorted Antiques.
  9825 | D:8      | Bought a scroll of identify for 72 gold pieces
  9825 | D:8      | Bought a scroll labelled HUOCHOKUIPI for 36 gold pieces
  9825 | D:8      | Bought a scroll labelled YNUQEST LAOTUE for 36 gold pieces
  9841 | D:8      | HP: 1/76 [death yak (15)]
  9844 | D:8      | Killed by an exploding themself... ignited by their inner
                  | flame

Illustrated notes

Levels and vault maps discovered:
D:1:      lightli_iron_boxes, layout_loops_ring, shapermc_ecumenical_altar_venn,
          chequers_serial_rivers_micro_a, amethyst_killhole
D:2:      layout_basic
D:3:      layout_loops_ring
D:4:      layout_loops_ring, uniq_pikel, uniq_sigmund, uniq_ijyb
D:5:      layout_basic, mainiacjoe_overflow_catch_the_wave, serial_shops,
          shop_fountains, eino_tiny_chamber, uniq_grinder
D:6:      layout_basic, uniq_menkaure, uniq_prince_ribbit1,
          uniq_crazy_yiuf_cottage, uniq_blork_the_orc
D:7:      layout_basic, minmay_temple_entry_junction, nicolae_water_bricks
D:8:      layout_loops_ring, mainiacjoe_overflow_alcove_2, dpeg_lair_monsters,
          serial_shops, shop, ebering_ghost_funeral_grove, uniq_maurice
Temple:   dpeg_five_rooms_temple

Skill      XL: |  1  2  3  4  5  6  7  8  9 |
---------------+----------------------------+-----
Short Blades   | 1 2 3 5 |  5.1
Long Blades    | 1 2 3 5 |  5.1
Axes           | 1 2 3 5 |  5.1
Polearms       | 1 2 3 5 |  5.1
Staves         | 1 2 3 5 |  5.1
Ranged Weapons | 1 2 3 5 |  5.1
Throwing       | 1 2 3 5 |  5.1
Dodging        | 1 2 3 5 |  5.1
Shields        | 1 2 3 5 |  5.1
Unarmed Combat | 1 2 3 5 |  5.1
Invocations    | 1 2 3 4 5 |  5.6
Evocations     | 1 2 3 5 |  5.1
Conjurations   | 1 2 3 4 |  4.2
Hexes          | 1 2 3 4 |  4.2
Summonings     | 1 2 3 4 |  4.2
Necromancy     | 1 2 3 4 |  4.2
Translocations | 1 2 3 4 |  4.2
Transmutations | 1 2 3 4 |  4.2
Fire Magic     | 1 2 3 4 |  4.2
Ice Magic      | 1 2 3 4 |  4.2
Air Magic      | 1 2 3 4 |  4.2
Earth Magic    | 1 2 3 4 |  4.2
Poison Magic   | 1 2 3 4 |  4.2
Fighting       | 3 4 5 |  5.8
Armour         | 3 4 5 |  5.8
Stealth        | 3 4 5 |  5.7
Maces & Flails | 9 10 | 10.0
Spellcasting   | 8 |  8.9

Action                   |  1- 3 |  4- 6 |  7- 9 | 10-12 || total
-------------------------+-------+-------+-------+-------++-------
Melee: Mace              |    44 |   135 |    60 |       ||   239
       Bite              |     4 |     9 |    20 |       ||    33
       Punch             |       |     3 |     6 |       ||     9
       Whip              |       |       |   169 |       ||   169
       Dire flail        |       |       |    55 |     5 ||    60
 Cast: Slow              |     1 |    16 |    14 |     4 ||    35
       Call Canine Famil |       |       |    13 |     4 ||    17
       Summon Guardian G |       |       |     2 |     3 ||     5
  Use: Scroll            |       |     6 |     2 |       ||     8
       Potion            |       |       |     1 |     2 ||     3
 Stab: Sleeping          |       |     1 |     3 |       ||     4
       Distracted        |       |       |     1 |       ||     1
Armor: Leather armour    |    16 |    51 |    68 |     6 ||   141
Dodge: Dodged            |    27 |    78 |    82 |     7 ||   194
